 Dungeon Crawl Stone Soup version 0.20.0-15-g7f486f2 (webtiles) character file.

184 Zachthehappycat the Magician (level 5, -1/30 HPs)
             Began as a Deep Elf Ice Elementalist on June 30, 2017.
             Killed by divine providence
             ... invoked by an orc priest
              (14 damage)
             ... on level 3 of the Dungeon.
             The game lasted 00:21:29 (5460 turns).

Zachthehappycat the Magician (DEIE)                 Turns: 5460, Time: 00:21:30

Health: -1/30      AC:  3    Str:  5    XL:     5   Next: 36%
Magic:  0/13       EV: 14    Int: 20    God:
Gold:   166        SH:  0    Dex: 16    Spells: 7/12 levels left

rFire    . . .     SeeInvis .   g - +1 dagger (holy)
rCold    . . .     Gourm    .   (no shield)
rNeg     . . .     Faith    .   a - +0 robe
rPois    .         Spirit   +   p - +1 hat
rElec    .         Reflect  .   (no cloak)
rCorr    .         Harm     .   (no gloves)
MR       +....                  (no boots)
Stlth    +++.......             f - amulet of guardian spirit
Regen    0.1/turn               (no ring)
MPRegen  0.2/turn               y - ring of protection from magic

@: very slightly contaminated
A: no striking features
a: no special abilities


You were on level 3 of the Dungeon.
You were not hungry.

You visited 1 branch of the dungeon, and saw 3 of its levels.

You collected 166 gold pieces.

Inventory:

Hand Weapons
 g - a +1 dagger of holy wrath (weapon)
 r - a +0 blowgun
Missiles
 k - 26 bolts
 m - 6 sling bullets
 q - 114 stones (quivered)
 t - 20 poisoned needles
 u - 19 arrows
Armour
 a - a +0 robe (worn)
 p - a +1 hat (worn)
Jewellery
 f - an amulet of guardian spirit (around neck)
 y - a ring of protection from magic (right hand)
Scrolls
 d - a scroll of noise {unknown}
 e - 5 scrolls of remove curse
 h - 2 scrolls of identify {unknown}
 o - 3 scrolls of teleportation {unknown}
 v - a scroll of random uselessness {unknown}
 x - a scroll of immolation {unknown}
Potions
 i - a potion of berserk rage {unknown}
 j - a potion of magic {unknown}
 l - 2 potions of flight
 n - a potion of brilliance {unknown}
Books
 b - a book of Frost

   Spells                             Type                      Level
   a - Freeze                         Ice                          1
   b - Throw Frost                    Conjuration/Ice              2
   c - Ozocubu's Armour               Charms/Ice                   3
   d - Throw Icicle                   Conjuration/Ice              4
   e - Summon Ice Beast               Ice/Summoning                4
Comestibles
 c - 3 bread rations
 s - a meat ration


   Skills:
 + Level 1.7 Fighting
 + Level 3.7 Dodging
 + Level 3.9 Stealth
 + Level 4.4 Spellcasting
 - Level 1.1 Conjurations
 + Level 4.0 Ice Magic


You had 7 spell levels left.
You knew the following spells:

 Your Spells              Type           Power        Failure   Level  Hunger
a - Freeze                Ice            ###.         2%          1    None
b - Throw Icicle          Conj/Ice       ##......     38%         4    ####...


Dungeon Overview and Level Annotations

Branches:
Dungeon (3/15)

Altars:


Message History

The orc barely misses you.
The orc priest casts a cantrip, but nothing happens.
Casting: Freeze
Confirm with . or Enter, or press ? or * to list all spells.
You don't have enough magic to cast that spell.
Unknown command.
Casting: Freeze
Confirm with . or Enter, or press ? or * to list all spells.
You don't have enough magic to cast that spell.
Unknown command.
You closely miss the orc.
The orc is lightly wounded.
The orc barely misses you.
The orc priest calls upon Beogh to heal the orc.
The orc's wounds heal themselves!
You hit the orc but do no damage. The orc hits you with a war axe.
You hit the orc but do no damage.
The orc priest invokes the aid of Beogh against you.
Beogh smites you!
You die...

...............######.......
........... #....'.......
...o... #.####......# #...#
#.#......#... #...#
#.#.####.#.## #...#
#.#.#........ #...#
#.#.##.#.#.##
#####...#######.#.##.#.#...
#...'..o)o@.....#....#.#...
#.###...##############.#.##
#...# #............#.. #...#
#.############### ##### #.#
# #.# # #.# # #.# # #.#


You could see an orc priest and an orc.

Vanquished Creatures
  An orc priest (D:3)
  8 adders
  An ooze (D:1)
  3 worms (D:2)
  4 dart slugs
  A leopard gecko (D:1)
  2 orcs (D:3)
  A giant cockroach (D:1)
  7 hobgoblins
  4 jackals (D:2)
  A quokka (D:2)
  9 bats
  A frilled lizard (D:3)
  7 goblins
  9 kobolds
  8 rats
67 creatures vanquished.

Notes
Turn   | Place    | Note
-------+----------+-------------------------------------------
     0 | D:1      | Zachthehappycat the Deep Elf Ice Elementalist began the quest for the Orb.
     0 | D:1      | Reached XP level 1. HP: 10/10 MP: 6/6
   631 | D:1      | Reached XP level 2. HP: 5/15 MP: 8/8
  1031 | D:1      | Reached XP level 3. HP: 8/20 MP: 3/10
  1919 | D:1      | Reached skill level 1 in Fighting
  2853 | D:2      | Reached XP level 4. HP: 16/25 MP: 7/11
  4252 | D:3      | Learned a level 4 spell: Throw Icicle
  4770 | D:3      | Reached XP level 5. HP: 20/29 MP: 13/13
  5460 | D:3      | Killed from afar by an orc priest

Skill      XL: |  1  2  3  4  5 |
---------------+----------------+-----
Stealth        | 3 |  3.9
Fighting       | 1 |  1.7
Dodging        | 3 |  3.7
Spellcasting   | 4 |  4.4
Ice Magic      | 4 |  4.0
Conjurations   | |  1.1

Action                   |  1- 3 |  4- 6 || total
-------------------------+-------+-------++-------
Melee: Unarmed           |    68 |       ||    68
       Dagger            |    66 |   104 ||   170
Throw: Stone             |    13 |     2 ||    15
 Cast: Freeze            |    38 |    32 ||    70
  Use: Potion            |     1 |       ||     1
       Scroll            |       |     2 ||     2
 Stab: Sleeping          |     2 |     2 ||     4
       Distracted        |     1 |       ||     1
  Eat: Chunk             |     6 |     8 ||    14
Armor: Robe              |    56 |    36 ||    92
Dodge: Dodged            |   188 |   107 ||   295
